Map: Vallée des cactus EC

Players

AgCl - Winner!

  • Race: Protoss Protoss

IRCman

  • Race: Protoss Protoss

VOD

Have the link to the VOD?

Description

Time

  • Played on: May 16, 2015, 5:23 p.m.
  • Length: 13:05
Show
View Real Time Build Order
Export as new Build Order

AgCl Protoss - Winner!

Build Orders: Oracle Opening, Oracle Opening 

Get SALT Encoding   

  12  0:20  Pylon  
  12  0:21  Probe  
  12  0:23  Assimilator  
  13  0:33  Probe  
  14  0:45  Gateway, Probe (Chrono Boost)  
  15  0:56  Probe (Chrono Boost)  
  16  1:02  Probe  
  17  1:07  Pylon  
  17  1:14  Probe  
  18  1:19  Assimilator  
  18  1:27  Probe (Chrono Boost)  
  19  1:33  Cybernetics Core  
  19  1:37  Probe (Chrono Boost)  
  20  1:44  Probe (Chrono Boost)  
  22  1:55  Probe (Chrono Boost)  
  22  2:01  Probe (Chrono Boost)  
  23  2:11  Stargate  
  23  2:13  Mothership Core (Chrono Boost)  
  25  2:27  Probe  
  25  2:28  Warp Gate  
  26  2:44  Probe  
  27  2:50  Nexus, Pylon  
  27  2:57  Oracle (Chrono Boost)  
  30  3:11  Robotics Facility  
  30  3:13  Pylon  
  30  3:25  Probe  
  30  3:42  Probe (Chrono Boost), Twilight Council  
  30  3:46  Gateway  
  31  3:54  Probe (Chrono Boost)  
  32  3:57  Pylon  
  33  4:03  Probe (Chrono Boost)  
  33  4:08  Probe (Chrono Boost)  
  34  4:12  Immortal  
  40  4:17  Probe (Chrono Boost)  
  40  4:18  Probe (Chrono Boost)  
  42  4:32  Probe (Chrono Boost)  
  42  4:34  Probe (Chrono Boost)  
  42  4:39  Dark Shrine  
  42  4:49  Probe  
  42  4:51  Probe, Immortal (Chrono Boost)  
  48  5:00  Assimilator  
  48  5:03  Probe (Chrono Boost)  
  48  5:06  Probe (Chrono Boost)  
  50  5:13  Probe (Chrono Boost)  
  52  5:16  Probe (Chrono Boost)  
  52  5:20  Gateway  
  52  5:21  Observer (Chrono Boost)  
  53  5:23  Gateway  
  53  5:26  Pylon  
  53  5:29  Probe  
  53  5:30  Probe, Zealot  
  53  5:31  Zealot  
  53  5:34  Assimilator  
  59  5:37  Observer  
  59  5:38  Forge  
  60  5:44  Probe (Chrono Boost)  
  60  5:47  Probe (Chrono Boost)  
  62  5:56  Probe (Chrono Boost)  
  64  6:00  Probe (Chrono Boost)  
  64  6:04  Dark Templar x2  
  68  6:26  Pylon  
  68  6:29  Pylon  
  68  6:32  Gateway  
  68  6:34  Protoss Ground Weapons Level 1 (Chrono Boost)  
  68  6:38  Gateway, Charge (Chrono Boost)  
  68  6:44  Probe x2, Fleet Beacon  
  70  6:48  Pylon  
  70  6:56  Probe x2  
  72  7:08  Probe x2  
  74  7:20  Probe x2  
  76  7:32  Probe  
  77  7:41  Probe  
  78  7:44  Carrier (Chrono Boost)  
  78  7:45  Photon Cannon  
  78  7:49  Pylon  
  75  7:53  Probe  
  75  7:55  Nexus  
  72  8:00  Probe  
  73  8:05  Graviton Catapult  
  73  8:12  Stargate  
  79  8:14  Stargate  
  79  8:16  Gateway, Pylon  
  79  8:27  Protoss Ground Weapons Level 2  
  79  8:32  Gateway  
  79  8:34  Pylon  
  79  8:35  Pylon  
  79  8:36  Assimilator  
  79  8:37  Protoss Air Weapons Level 1 (Chrono Boost)  
  79  8:39  Warp Prism (Chrono Boost)  
  81  8:45  Assimilator  
  81  8:47  Pylon  
  81  8:48  Photon Cannon  
  81  8:53  Carrier (Chrono Boost)  
  81  9:05  Nexus, Photon Cannon  
  81  9:08  Pylon  
  81  9:15  Pylon  
  87  9:24  Carrier (Chrono Boost)  
  87  9:37  Gateway  
  87  9:39  Gateway  
  87  9:41  Pylon  
  93  10:02  Carrier x2 (Chrono Boost)  
  93  10:03  Zealot x2  
  93  10:04  Zealot x3  
  111  10:37  Zealot  
  114  10:42  Probe (Chrono Boost)  
  114  10:50  Probe x2 (Chrono Boost)  
  116  11:01  Photon Cannon  
  116  11:03  Carrier x2 (Chrono Boost), Assimilator  
  116  11:05  Gateway  
  116  11:07  Photon Cannon, Assimilator  
  116  11:08  Gateway, Pylon  
  128  11:33  Templar Archives  
  128  11:34  Carrier (Chrono Boost)  
  126  12:00  Dark Templar  
  126  12:01  Dark Templar, Zealot x2  
  134  12:36  Dark Templar  
  129  12:37  Dark Templar x3  
  129  12:43  Pylon  
  123  12:52  Pylon  
  123  12:59  Pylon  
Show
View Real Time Build Order
Export as new Build Order

IRCman Protoss 

Build Orders: Blink Stalkers 

Get SALT Encoding   

  12  0:01  Probe  
  13  0:13  Probe  
  14  0:18  Pylon  
  14  0:36  Probe (Chrono Boost)  
  15  0:46  Probe (Chrono Boost)  
  15  0:47  Gateway  
  16  0:53  Probe (Chrono Boost)  
  17  1:00  Pylon  
  17  1:05  Assimilator  
  17  1:06  Probe (Chrono Boost)  
  18  1:13  Assimilator  
  18  1:15  Probe (Chrono Boost)  
  19  1:19  Pylon  
  19  1:23  Probe  
  20  1:44  Cybernetics Core  
  20  1:45  Probe (Chrono Boost)  
  21  1:50  Gateway  
  22  1:54  Probe (Chrono Boost)  
  22  2:02  Probe  
  23  2:14  Probe  
  24  2:36  Twilight Council  
  24  2:38  Stalker  
  24  2:39  Stalker  
  27  2:58  Warp Gate (Chrono Boost)  
  27  2:59  Mothership Core (Chrono Boost)  
  27  3:04  Pylon  
  29  3:10  Forge  
  29  3:13  Pylon  
  29  3:14  Probe (Chrono Boost)  
  29  3:16  Blink (Chrono Boost)  
  30  3:25  Probe  
  31  3:37  Probe  
  32  3:43  Protoss Ground Weapons Level 1 (Chrono Boost)  
  32  3:49  Probe  
  32  3:55  Pylon  
  33  4:06  Gateway  
  33  4:08  Gateway  
  32  4:11  Pylon  
  32  4:24  Probe  
  33  4:37  Probe  
  34  4:40  Pylon  
  34  4:42  Gateway  
  34  4:45  Pylon  
  33  5:04  Stalker  
  33  5:05  Stalker x2  
  39  5:07  Stalker  
  35  5:31  Stalker x4  
  33  6:10  Nexus  
  33  6:12  Pylon  
  33  6:32  Stalker x3  
  39  6:33  Stalker  
  41  6:46  Robotics Facility  
  41  6:48  Sentry  
  41  7:34  Observer (Chrono Boost)  
  42  7:55  Probe (Chrono Boost)  
  43  8:01  Gateway  
  43  8:04  Probe (Chrono Boost)  
  44  8:06  Assimilator  
  44  8:10  Robotics Facility  
  44  8:11  Nexus  
  44  8:12  Probe  
  45  8:26  Probe (Chrono Boost)  
  46  8:36  Probe (Chrono Boost)  
  47  8:43  Probe  
  47  8:45  Zealot x2  
  47  8:46  Zealot x2  
  56  8:53  Charge (Chrono Boost)  
  56  8:55  Probe (Chrono Boost)  
  57  8:58  Observer (Chrono Boost)  
  59  9:05  Probe x2 (Chrono Boost)  
  60  9:11  Protoss Ground Armor Level 1  
  60  9:12  Probe, Observer (Chrono Boost)  
  60  9:13  Probe  
  63  9:24  Pylon  
  63  9:28  Probe (Chrono Boost), Assimilator  
  64  9:38  Probe x2 (Chrono Boost), Pylon  
  66  9:43  Gateway  
  66  9:45  Probe  
  67  9:49  Stalker x2  
  71  9:52  Pylon  
  71  9:57  Probe  
  72  10:00  Pylon  
  72  10:05  Stalker x3  
  78  10:28  Pylon  
  76  10:53  Stalker x4  
  76  10:54  Stalker x3  
  88  11:32  Stalker x2  
  90  11:33  Stalker x5  
  100  11:48  Pylon  
  100  11:51  Pylon  
  99  11:58  Probe (Chrono Boost)  
  99  12:03  Stalker x3  
  99  12:08  Probe (Chrono Boost)  
  40  12:52  Stalker x6  
  40  12:53  Stalker  
Tags
 
Add a new tag
Caveats
  • Supply blocks, unpowered buildings, or Contaminate may cause inaccurate times.
  • Supply counts are checked every 10 seconds.